 Dungeon Crawl Stone Soup version 0.17-a0-802-g1f09329 (webtiles) character file.

505 oplop the Digger (level 7, -4/36 HPs)
             Began as a Gargoyle Earth Elementalist on Apr 26, 2015.
             Slain by an ice beast (11 damage)
             ... on level 5 of the Dungeon.
             The game lasted 00:07:32 (4060 turns).

oplop the Digger (Gargoyle Earth Elementalist)      Turns: 4060, Time: 00:07:33

Health: -4/36      AC: 14    Str: 11    XL:     7   Next: 18%
Magic:  7/13       EV: 10    Int: 18    God:
Gold:   108        SH:  0    Dex: 10    Spells: 1 memorised, 14 levels left

rFire  . . .     SeeInvis .     a - 48 stones
rCold  . . .     Clarity  .     v - +3 ring mail
rNeg   + . .     SustAb   .     (no shield)
rPois  ∞         Gourm    .     i - +0 helmet
rElec  +         Spirit   .     (no cloak)
rCorr  .         Warding  .     (no gloves)
rMut   .         Stasis   .     (no boots)
MR     .....                    (no amulet)
Stlth  +.........               (no ring)
                                (no ring)

@: very slightly contaminated, not resistant to hostile enchantments, very
unstealthy
A: negative energy resistance 1, electricity resistance, unbreathing,
petrification resistance, rot immunity, AC +4
a: no special abilities


You were on level 5 of the Dungeon.
You were very hungry.

You visited 1 branch of the dungeon, and saw 5 of its levels.

You collected 108 gold pieces.

Inventory:

Hand weapons
 h - a +1 dagger
 A - a +0 flail
Missiles
 a - 48 stones (in hand)
Armour
 i - a +0 helmet (worn)
 v - a +3 ring mail (worn)
Jewellery
 m - a cursed amulet of inaccuracy {unknown}
 z - a cursed ring of fire {unknown}
Scrolls
 b - a scroll of random uselessness {unknown}
 k - 3 scrolls of identify
 q - a scroll of remove curse
 u - 4 scrolls of enchant weapon
 C - a scroll of teleportation
Potions
 e - a potion of heal wounds
 l - a potion of mutation {unknown}
 o - a potion of might {unknown}
 p - a potion of ambrosia {unknown}
 s - a potion of poison {unknown}
 t - a potion of flight {unknown}
 w - a potion of brilliance {unknown}
 x - 3 potions of curing {unknown}
Books
 c - a book of Geomancy

   Spells                             Type                      Level
   a - Sandblast                      Earth                        1
   b - Stoneskin                      Transmutation/Earth          2
   c - Passwall                       Transmutation/Earth          3
   d - Stone Arrow                    Conjuration/Earth            3
   e - Petrify                        Transmutation/Earth          4
   f - Lee's Rapid Deconstruction     Earth                        5
 n - a book of Debilitation

   Spells                             Type                      Level
   a - Corona                         Hexes                        1
   b - Slow                           Hexes                        2
   c - Gell's Gravitas                Hexes/Translocation          3
   d - Inner Flame                    Hexes/Fire                   3
   e - Cause Fear                     Hexes                        4
   f - Leda's Liquefaction            Hexes/Earth                  4
Comestibles
 d - 6 bread rations
 f - 5 fruits
 g - 4 meat rations
 j - 2 slices of pizza
 r - a beef jerky


   Skills:
 + Level 2.1 Short Blades
 + Level 1.5 Armour
 - Level 1.5 Dodging
 - Level 2.1 Stealth
 * Level 4.5 Spellcasting
   Level 0.7 Transmutations
 * Level 6.7 Earth Magic


You had 14 spell levels left.
You knew the following spells:

 Your Spells              Type           Power        Failure   Level  Hunger
a - Sandblast             Erth           ####..       2%          1    None


Dungeon Overview and Level Annotations

Branches:
Dungeon (5/15)
 Temple: D:4-7

Altars:
Fedhas


Innate Abilities, Weirdness & Mutations

You are resistant to torment.
Your stone body is resilient (AC +4).
You are immune to poison.
You resist negative energy.
You are resistant to electric shocks.
You can survive without breathing.
You are immune to petrification.
You are immune to rotting.


Message History

The ice beast hits you. The ice beast freezes you!
* * * LOW HITPOINT WARNING * * *
Casting: Sandblast
Confirm with . or Enter, or press ? or * to list all spells.
Aiming: Sandblast
Press: ? - help, Shift-Dir - straight line, f/p - ice beast
Aim: an ice beast (almost dead)
The rocky blast misses the ice beast.
The ice beast hits you but does no damage.
Casting: Sandblast
Confirm with . or Enter, or press ? or * to list all spells.
Aiming: Sandblast
Press: ? - help, Shift-Dir - straight line, f/p - ice beast
Aim: an ice beast (almost dead)
You miscast Sandblast.
You are very lightly contaminated with residual magic.
Nothing appears to happen.
The ice beast hits you.
* * * LOW HITPOINT WARNING * * *
The ice beast freezes you!
You die...

##. ..... ...# .... ... #..
#.# #.# #.# #Y# #. #.# ##@##
######.#### #.# ##...##
#.........# ##.##
##.....###.........# #...##
##....>..##.........#
#....####.........#.........##
#.......'.........'...........
#....####.........#.........##
#.#.## ##.......##.........#
#.### ##.....###.........#


You could see an ice beast.

Vanquished Creatures
  A centaur (D:5)
  2 hounds
  A gnoll shaman (D:4)
  An iguana (D:5)
  A worker ant (D:4)
  2 orc wizards (D:4)
  6 gnolls (D:4)
  5 adders
  A shadow imp (D:5)
  An ooze (D:5)
  5 worms
  7 giant geckos
  7 orcs
  8 giant cockroaches
  6 hobgoblins
  6 jackals
  9 kobolds
  8 bats
  4 giant newts
  12 goblins
  3 quokkas (D:3)
  A quokka zombie (D:5)
  11 rats
108 creatures vanquished.

Vanquished Creatures (others)
  An orc priest (D:5)
  2 orcs (D:5)
3 creatures vanquished.

Grand Total: 111 creatures vanquished

Notes
Turn   | Place    | Note
--------------------------------------------------------------
     0 | D:1      | oplop, the Gargoyle Earth Elementalist, began the quest for the Orb.
     0 | D:1      | Reached XP level 1. HP: 10/10 MP: 3/3
   154 | D:1      | Reached XP level 2. HP: 7/15 MP: 0/5
   280 | D:1      | Reached skill level 4 in Earth Magic
  1094 | D:2      | Reached XP level 3. HP: 19/19 MP: 1/7
  1367 | D:2      | Reached XP level 4. HP: 20/24 MP: 1/8
  1379 | D:2      | Reached skill level 5 in Earth Magic
  2388 | D:3      | Reached XP level 5. HP: 17/28 MP: 10/10
  2890 | D:4      | Reached skill level 1 in Short Blades
  3005 | D:4      | Reached skill level 1 in Armour
  3011 | D:4      | Reached XP level 6. HP: 27/32 MP: 3/12
  3028 | D:4      | Reached skill level 6 in Earth Magic
  3270 | D:4      | Found a blossoming altar of Fedhas.
  3461 | D:5      | Entered Level 5 of the Dungeon
  3947 | D:5      | Reached XP level 7. HP: 36/36 MP: 8/13
  4060 | D:5      | Slain by an ice beast

Action                   |  1- 3 |  4- 6 |  7- 9 || total
-------------------------+-------+-------+-------++-------
Melee: Dagger            |    97 |    64 |       ||   161
       Unarmed           |     5 |       |       ||     5
       Flail             |       |   147 |     2 ||   149
 Cast: Sandblast         |    33 |    84 |     7 ||   124
  Use: Scroll            |       |    10 |       ||    10
       Potion            |       |     1 |       ||     1
 Stab: Sleeping          |     1 |       |       ||     1
  Eat: Chunk             |     2 |     6 |       ||     8
       Beef jerky        |       |     1 |       ||     1
